 Dungeon Crawl Stone Soup version 0.21-a0-24-ga372141 (webtiles) character file.

0 Manul the Ducker (level 1, -2/11 HPs)
             Began as a Spriggan Abyssal Knight on May 25, 2017.
             Was a Follower of Lugonu.
             Slain by an ancient zyme (13 damage)
             ... on level 2 of the Abyss.
             The game lasted 00:01:20 (302 turns).

Manul the Ducker (Spriggan Abyssal Knight)           Turns: 302, Time: 00:01:21

Health: -2/11      AC:  2    Str:  8    XL:     1   Next: 0%
Magic:  3/3        EV: 18    Int: 13    God:    Lugonu [*.....]
Gold:   0          SH:  0    Dex: 15    Spells: 0/0 levels left

rFire    . . .     SeeInvis +   a - +1 short sword
rCold    . . .     Gourm    .   (shield restricted)
rNeg     . . .     Faith    .   b - +0 robe
rPois    .         Spirit   .   (helmet restricted)
rElec    .         Reflect  .   (no cloak)
rCorr    +         Harm     .   (gloves unavailable)
MR       .....                  (boots unavailable)
Stlth    +.........             (no amulet)
Regen    0.0/turn               f - ring of resist corrosion
MPRegen  0.1/turn               (no ring)

@: non-regenerating, badly diseased, slow
A: unfitting armour, see invisible, herbivore 3, speed 3, slow metabolism 2
a: Depart the Abyss, Renounce Religion


You were on level 2 of the Abyss.
You worshipped Lugonu.
Lugonu was aware of your devotion.
You were not hungry.

You visited 0 branches of the dungeon, and saw 0 of its levels.
You visited the Abyss 1 time.

Inventory:

Hand Weapons
 a - a +1 short sword (weapon)
Armour
 b - a +0 robe (worn)
Jewellery
 f - a ring of resist corrosion (left hand)
Wands
 g - a wand of paralysis (4/24)
Scrolls
 d - a scroll of random uselessness
Potions
 e - a potion of curing {unknown}
Comestibles
 c - a bread ration


   Skills:
 + Level 2.4 Fighting
 + Level 2.1 Short Blades
 + Level 3.5 Dodging
 + Level 1.7 Invocations


You couldn't memorise any spells.
You didn't know any spells.

Dungeon Overview and Level Annotations

Branches:
Dungeon (0/15)

Altars:


Innate Abilities, Weirdness & Mutations

You are very small and have problems with some larger weapons.
You are too small for most types of armour.
You have supernaturally acute eyesight. (SInv)
You are a herbivore.
You cover ground extremely quickly.
You need consume almost no food.


Message History

Found 3 gold pieces.
You feel ill.
You feel ill.
You feel ill.
You feel ill.
An orange demon comes into view.
Okay, then.
The orange demon barely misses you.
You enter the shallow water.
Moving in this stuff is going to be slow.
An iron imp and an apocalypse crab come into view.
The iron imp shouts, "Remove thy stench, thou obnoxious hasty-witted sopling!"
The apocalypse crab breathes chaos at you.
You feel ill.
An ancient zyme comes into view.
You feel ill.
The ancient zyme completely misses you. x2
The ancient zyme closely misses you. The ancient zyme hits you!
Ouch! That really hurt!
You die...

#.### #...## #
#.#.. ##
...####.#.##.##.
≈≈≈♣≈≈≈≈≈≈≈≈≈≈≈#
≈≈≈≈≈≈≈≈≈≈♣≈≈§§#
≈≈≈♣≈≈≈≈≈♣≈≈≈♣#.
≈≈≈≈≈≈≈@x≈≈≈♣≈##
≈♣≈≈≈≈≈≈≈≈≈≈≈≈≈.
≈≈≈≈≈♣≈≈≈≈≈≈≈≈≈#
≈≈≈≈≈≈≈≈≈≈≈≈≈≈.##
≈≈≈≈≈≈≈≈≈≈≈≈≈§#..#
≈≈≈≈♣≈≈≈≈≈≈≈≈≈≈..#
≈≈≈≈≈≈t≈x4≈5≈≈..#
≈≈≈♣≈≈≈≈≈≈≈≈≈.#
##.##......#..#


You could see an orange demon, 2 ancient zymes, an apocalypse crab and an iron
imp.

Vanquished Creatures (others)
  2 starspawn tentacles (Abyss:1)
2 creatures vanquished.

Notes
Turn   | Place    | Note
-------+----------+-------------------------------------------
     0 | Abyss:1  | Manul the Spriggan Abyssal Knight began the quest for the Orb.
     0 | Abyss:1  | Reached XP level 1. HP: 11/11 MP: 3/3
    34 | Abyss:1  | Found a corrupted altar of Lugonu.
    83 | Abyss:1  | Noticed a small abomination
    98 | Abyss:1  | Noticed a hellephant
   122 | Abyss:1  | Noticed a chaos spawn
   137 | Abyss:1  | Noticed a tentacled starspawn
   205 | Abyss:2  | Noticed a bone dragon
   218 | Abyss:2  | Noticed an iron imp
   240 | Abyss:2  | Noticed a wretched star
   245 | Abyss:2  | Noticed an ancient zyme
   282 | Abyss:2  | Noticed an orange demon
   297 | Abyss:2  | Noticed an iron imp
   297 | Abyss:2  | Noticed an apocalypse crab
   299 | Abyss:2  | Noticed an ancient zyme
   302 | Abyss:2  | Slain by an ancient zyme

Vault maps used:
Abyss:1:  hangedman_classic_abyss_death

Action                   || total
-------------------------++-------
Evoke: Wand              ||     1
  Use: Scroll            ||     3
Dodge: Dodged            ||     5
